 Dungeon Crawl Stone Soup version 0.29-a0-414-g5075937ec3 (webtiles) character file.

Game seed: 17405528295646039379

4141 spaghetti the Spear-Bearer (level 10, 0/76 HPs)
             Began as a Gnoll Wanderer on May 16, 2022.
             Was a Follower of Cheibriados.
             Succumbed to their own poison gas
             ... on level 9 of the Dungeon.
             The game lasted 00:11:15 (7348 turns).

spaghetti the Spear-Bearer (Gnoll Wanderer)         Turns: 7348, Time: 00:11:15

Health: 0/76       AC: 13    Str: 14      XL:     10   Next: 27%
Magic:  2/17       EV: 16    Int: 12 (15) God:    Cheibriados [*.....]
Gold:   528        SH:  0    Dex: 18 (19) Spells: 19/19 levels left

rFire   . . .      SeeInvis .   J - +6 halberd (flame) {polearm}
rCold   . . .      Faith    .   (shield currently unavailable)
rNeg    . . .      Spirit   +   c - +0 scale mail
rPois   .          Reflect  .   (no helmet)
rElec   .          Harm     .   b - +2 cloak
rCorr   .          Rampage  .   y - +0 pair of gloves
Will    .....                   (no boots)
Stlth   ++........              p - amulet of guardian spirit
HPRegen 0.22/turn               o - +4 ring of evasion
MPRegen 0.15/turn               (no ring)

@: lethally poisoned (0 -> -12), slowed, invisible, very slow
A: fangs 1, strong nose, distributed training, hooves 1
a: Renounce Religion, Bend Time


You were on level 9 of the Dungeon.
You worshipped Cheibriados.
Cheibriados was aware of your devotion.
You visited 1 branch of the dungeon, and saw 9 of its levels.

You collected 625 gold pieces.
You spent 97 gold pieces at shops.


Innate Abilities, Weirdness & Mutations

You have very sharp teeth.
Your uncanny sense of smell can sniff out nearby items.
Your experience applies equally to all skills.
You have large cloven feet.


   Skills:
 + Level 5.8 Fighting
 + Level 5.8 Short Blades
 + Level 5.1 Long Blades
 + Level 5.1 Axes
 + Level 5.1 Maces & Flails
 + Level 10.0 Polearms
 + Level 5.1 Staves
 + Level 5.1 Slings
 + Level 5.1 Bows
 + Level 5.1 Crossbows
 + Level 5.1 Throwing
 + Level 8.4 Armour
 + Level 5.8 Dodging
 + Level 5.1 Stealth
 + Level 5.1 Shields
 + Level 5.1 Unarmed Combat
 + Level 5.1 Spellcasting
 + Level 4.2 Conjurations
 + Level 4.2 Hexes
 + Level 4.2 Summonings
 + Level 4.2 Necromancy
 + Level 4.2 Translocations
 + Level 4.2 Transmutations
 + Level 4.2 Fire Magic
 + Level 4.2 Ice Magic
 + Level 4.2 Air Magic
 + Level 4.2 Earth Magic
 + Level 4.2 Poison Magic
 + Level 5.6 Invocations
 + Level 5.1 Evocations


You had 19 spell levels left.
You didn't know any spells.
Your spell library contained the following spells:

 Spells                   Type           Power      Damage    Failure   Level
 Pain                     Necr           52%        1d6       12%         1
 Sublimation of Blood     Necr           13%        N/A       19%         2
 Wereblood                Tmut           13%        N/A       19%         2
 Gell's Gravitas          Tloc           13%        N/A       34%         3
 Lesser Beckoning         Tloc           13%        N/A       34%         3
 Summon Guardian Golem    Hex/Summ       13%        N/A       34%         3
 Teleport Other           Tloc           13%        N/A       34%         3
 Summon Lightning Spire   Summ/Air       13%        N/A       75%         4
 Agony                    Necr           13%        N/A       97%         5
 Excruciating Wounds      Necr           6%         N/A       97%         5
 Orb of Destruction       Conj           6%         9d6       100%        7
 Spellforged Servitor     Conj/Summ      6%         N/A       100%        7
 Storm Form               Tmut/Air       6%         N/A       100%        7
 Summon Hydra             Summ           6%         N/A       100%        7
 Maxwell's Capacitive Co  Air            6%         ∞         100%        8

Inventory:

Hand Weapons
 x - a +0 spear of venom {polearm}
   (You took it off a gnoll on level 5 of the Dungeon)
 z - a +1 spear of freezing {polearm}
   (You took it off a gnoll sergeant on level 5 of the Dungeon)
 B - a +3 vorpal spear {polearm}
   (You took it off a gnoll sergeant on level 5 of the Dungeon)
 J - a +6 halberd of flaming (weapon) {polearm}
   (You took it off a wight on level 7 of the Dungeon)
Missiles
 e - 172 stones (quivered) {throwing}
 n - 15 boomerangs {throwing}
 q - 22 poisoned darts {throwing}
 C - 3 throwing nets {=f!fthrowing}
Armour
 b - a +2 cloak (worn)
   (You found it on level 5 of the Dungeon)
 c - a +0 scale mail (worn)
 y - a +0 pair of gloves (worn)
   (You found it on level 5 of the Dungeon)
Jewellery
 o - a +4 ring of evasion (left hand)
   (You found it on level 3 of the Dungeon)
 p - an amulet of guardian spirit (around neck)
   (You found it on level 3 of the Dungeon)
Wands
 i - a wand of digging (6)
   (You found it on level 8 of the Dungeon)
 w - a wand of charming (14)
   (You found it on level 5 of the Dungeon)
Scrolls
 d - 2 scrolls of poison {!r}
 f - 2 scrolls of fog
 g - 6 scrolls of teleportation {@r4}
 h - a scroll of enchant armour
 j - 3 scrolls of magic mapping {unknown}
 k - 3 scrolls of noise {unknown}
 l - a scroll of blinking {!r}
 r - a scroll of summoning {unknown}
 s - a scroll of fear
 t - 2 scrolls of amnesia
 D - a scroll of immolation {!r!r}
 E - a scroll of torment {!r}
 H - a scroll of silence {unknown}
Potions
 u - a potion of magic
 v - a potion of cancellation
 A - a potion of might
 F - a potion of degeneration {!q@e2}
 G - a potion of haste {@q3}

Dungeon Overview and Level Annotations

Branches:
Dungeon (9/15)
 Temple: D:4-7         Lair: D:8-11         Orc: D:9-12

Altars:
Ashenzari
Cheibriados
Dithmenos
Fedhas
Kikubaaqudgha
Ru
Sif Muna
Vehumet
Wu Jian
Yredelemnul

Shops:
D:7 *

Annotations:
D:9 Harold

#..........
#..########
###).#######
#..))......#
#.#))#####.#
#.#<.# #c#..#
#.#..#
############@#...
≈≈≈≈≈≈#...##.#####
#..°V○.°§§#
∆∆#.§§W####.#
#c...≈# #.#
#......)≈# #.#
D...@###≈# #..
..... ∆ ≈# ###
≈≈.l ∆ ≈#


You could see a centaur (can't see you, fleeing, extremely poisoned).


Message History

You now have 76 max hp (+1).
You take 7 damage, and now have 24/76 hp.
You lost 2 mp, and now have 5/17 mp.
Unknown command.
You fade into invisibility!
The centaur is engulfed in poison gas.
The centaur looks even sicker.
The centaur wields a +0 shortbow.
The centaur shoots an arrow.
The arrow completely misses Harold.
The arrow closely misses you.
The centaur is engulfed in poison gas.
The centaur looks even sicker.
The wraith hits you.
* * * LOW HITPOINT WARNING * * *
The wraith drains your vigour!
You feel yourself slow down.
A steam dragon comes into view.
The acid dragon spits acid at you.
The splash of acid hits the orc warrior!
The acid corrodes the orc warrior!
The orc warrior dies!
Harold yells, "I don't have all day!"
Harold barely misses you.
The troll is engulfed in poison gas.
The troll looks as sick as possible!
The troll closely misses you. The troll claws you but does no damage.
The troll misses you.
The steam dragon is engulfed in poison gas.
The steam dragon looks as sick as possible!
The centaur shouts!
The steam dragon hisses angrily. 😨 HP[-2] MP[-1]
You take 2 damage, and now have 22/76 hp.
You lost 1 mp, and now have 4/17 mp.
As you read the scroll of fear, it crumbles to dust.
You assume a fearsome visage.
The steam dragon looks frightened!
The wyvern resists with some effort.
The steam dragon looks frightened!
The troll looks frightened!
The wraith is unaffected.
The vampire is unaffected.
The acid dragon looks frightened!
The centaur looks frightened!
Harold looks frightened!
The centaur looks frightened!
The wyvern is engulfed in poison gas.
The wyvern looks even sicker.
The centaur looks even sicker.
The centaur is engulfed in poison gas.
The centaur looks as sick as possible!
The wyvern is engulfed in poison gas.
The wyvern looks as sick as possible!
The centaur is engulfed in poison gas.
The centaur looks as sick as possible!
The steam dragon is engulfed in poison gas.
The steam dragon is poisoned.
The wraith hits you but does no damage.
The troll is engulfed in poison gas.
The troll looks as sick as possible!
You kill the troll!
Cheibriados appreciates the change of pace.
The steam dragon looks as sick as possible!
The vampire hits you but does no damage.
The vampire bites you.
* * * LOW HITPOINT WARNING * * *
The vampire draws strength from your injuries!
The centaur yells, "Help!"
The wyvern is engulfed in poison gas.
The wyvern looks as sick as possible!
The centaur is engulfed in poison gas.
The centaur looks as sick as possible!
The steam dragon is engulfed in poison gas.
The steam dragon looks as sick as possible!
The vampire hits you but does no damage.
The vampire closely misses you.
The steam dragon is engulfed in poison gas.
The steam dragon looks even sicker.
The wraith hits you but does no damage.
Harold is poisoned.
Your Polearms skill increases to level 10! 😱 HP[-3] MP[-1]
You take 3 damage, and now have 19/76 hp.
You lost 1 mp, and now have 3/17 mp.
Unknown command.
You are slowed.
You are invisible.
Your movement speed is very slow.
Your attack delay is about 1.5.
Your base attributes are Str 11, Int 12, Dex 16.
Okay, then.
Okay, then.
Really read
l - 2 scrolls of blinking {!r}?
Blink to where?
Press: ? - help, Dir - move target Really blink into that cloud of poison gas? [Y]es or [N]o only, please.
Really blink into that cloud of poison gas?
As you read the scroll of blinking {!r}, it crumbles to dust.
You are poisoned.
* * * LOW HITPOINT WARNING * * *
x2 You feel very sick.
You kill the steam dragon!
Cheibriados appreciates the change of pace.
You feel your strength returning. 😱 HP[-15] MP[-2]
You take 15 damage, and now have 4/76 hp.
You lost 2 mp, and now have 1/17 mp.
Unknown command.
Unknown command.
Unknown command.
Unknown command.
Okay, then.
Okay, then.
You are lethally poisoned (4 -> -8).
You are slowed.
You are invisible.
Your movement speed is very slow.
Your attack delay is about 1.5.
Your base attributes are Str 11, Int 12, Dex 16.
Unknown command.
Okay, then.
You die...

Skill      XL: |  1  2  3  4  5  6  7  8  9 10 |
---------------+-------------------------------+-----
Fighting       | 3 4 5 |  5.8
Short Blades   | 3 4 5 |  5.8
Long Blades    | 1 2 3 4 5 |  5.1
Axes           | 1 2 3 4 5 |  5.1
Maces & Flails | 1 2 3 4 5 |  5.1
Staves         | 1 2 3 4 5 |  5.1
Slings         | 1 2 3 4 5 |  5.1
Bows           | 1 2 3 4 5 |  5.1
Crossbows      | 1 2 3 4 5 |  5.1
Throwing       | 1 2 3 4 5 |  5.1
Dodging        | 3 4 5 |  5.8
Stealth        | 1 2 3 4 5 |  5.1
Shields        | 1 2 3 4 5 |  5.1
Unarmed Combat | 1 2 3 4 5 |  5.1
Spellcasting   | 1 2 3 4 5 |  5.1
Conjurations   | 1 2 3 4 |  4.2
Hexes          | 1 2 3 4 |  4.2
Summonings     | 1 2 3 4 |  4.2
Necromancy     | 1 2 3 4 |  4.2
Translocations | 1 2 3 4 |  4.2
Transmutations | 1 2 3 4 |  4.2
Fire Magic     | 1 2 3 4 |  4.2
Ice Magic      | 1 2 3 4 |  4.2
Air Magic      | 1 2 3 4 |  4.2
Earth Magic    | 1 2 3 4 |  4.2
Poison Magic   | 1 2 3 4 |  4.2
Invocations    | 1 2 3 4 5 |  5.6
Evocations     | 1 2 3 4 5 |  5.1
Armour         | 7 8 |  8.4
Polearms       | 9 10 | 10.0

Action                   |  1- 3 |  4- 6 |  7- 9 | 10-12 || total
-------------------------+-------+-------+-------+-------++-------
Melee: Spear             |    58 |   125 |   365 |       ||   548
       Bite              |     2 |    10 |    43 |     1 ||    56
       Headbutt          |     1 |    13 |    14 |       ||    28
       Punch             |     1 |     1 |    11 |       ||    13
       Kick              |       |       |    82 |     5 ||    87
       Halberd           |       |       |    40 |    13 ||    53
Throw: Stone             |    39 |    54 |    89 |       ||   182
  Use: Potion            |     3 |     4 |     1 |     5 ||    13
       Scroll            |       |     5 |     9 |     3 ||    17
 Stab: Sleeping          |       |       |     1 |       ||     1
Armor: Scale mail        |    14 |    27 |    83 |    20 ||   144
Dodge: Dodged            |     8 |    51 |   207 |    29 ||   295

Levels and vault maps discovered:
D:1:      co_arrival_random_square_maze, layout_loops_ring,
          minmay_misc_feat_more_columns, minivault_19, st_stairs_10
D:2:      layout_rooms, serial_bayou_crossing, uniq_sigmund
D:3:      layout_basic, nicolae_vehumet_radiance
D:4:      cheibrodos_greedy_goblins, layout_rooms,
          minmay_temple_entry_stoned_glass
D:5:      layout_cave_pools, nicolae_ru_awakened_eye, serial_gnoll_camp,
          gnoll_camp_mini_house, grums_kennel, gnoll_camp_mini_house,
          gnoll_camp_medium_02, gnoll_camp_mini_hut, gnoll_camp_mini_sergeant
D:6:      layout_loops_corners, mainiacjoe_overflow_concentric_impassable,
          minmay_overflow_temple_hex
D:7:      layout_loops_corners, yredelemnul_altar_generic, serial_shops,
          nicolae_shop_waterfront, minmay_gold_behind_fungi
D:8:      layout_cave_pools, nicolae_figureground_sparkle
D:9:      cheibrodos_ideogram_h, layout_loops_ring, david_orc_4, uniq_harold

Notes
Turn   | Place    | Note
-------+----------+-------------------------------------------
     0 | D:1      | spaghetti the Gnoll Wanderer began the quest for the Orb.
     0 | D:1      | spaghetti set off with the following items: a +2 spear
                  | {polearm}, a +0 short sword {short}, a +0 scale mail, a
                  | scroll of teleportation {@r4}
     0 | D:1      | Reached XP level 1. HP: 17/17 MP: 1/1
     0 | D:1      | magus.rc [v1.9.6]
   161 | D:1      | Reached XP level 2. HP: 23/23 MP: 2/2
   752 | D:1      | You pick up a book of Pain and begin reading...
   752 | D:1      | You add the spells Pain, Agony and Excruciating Wounds to
                  | your library.
   894 | D:2      | Reached XP level 3. HP: 28/28 MP: 3/3
   944 | D:2      | Noticed Sigmund
   948 | D:2      | Gained mutation: You have a pair of small horns on your
                  | head. [potion of mutation]
   948 | D:2      | Gained mutation: You expend magic power (3 MP) to
                  | strengthen your wands. [potion of mutation]
   948 | D:2      | Gained mutation: Your flesh is heat resistant. (rF+)
                  | [potion of mutation]
   959 | D:2      | Killed Sigmund
   960 | D:2      | Reached skill level 3 in Fighting
   960 | D:2      | Reached skill level 3 in Short Blades
   960 | D:2      | Reached skill level 1 in Long Blades
   960 | D:2      | Reached skill level 1 in Axes
   960 | D:2      | Reached skill level 1 in Maces & Flails
   960 | D:2      | Reached skill level 1 in Staves
   960 | D:2      | Reached skill level 1 in Slings
   960 | D:2      | Reached skill level 1 in Bows
   960 | D:2      | Reached skill level 1 in Crossbows
   960 | D:2      | Reached skill level 1 in Throwing
   960 | D:2      | Reached skill level 3 in Dodging
   960 | D:2      | Reached skill level 1 in Stealth
   960 | D:2      | Reached skill level 1 in Shields
   960 | D:2      | Reached skill level 1 in Unarmed Combat
   960 | D:2      | Reached skill level 1 in Spellcasting
   960 | D:2      | Reached skill level 1 in Conjurations
   960 | D:2      | Reached skill level 1 in Hexes
   960 | D:2      | Reached skill level 1 in Summonings
   960 | D:2      | Reached skill level 1 in Necromancy
   960 | D:2      | Reached skill level 1 in Translocations
   960 | D:2      | Reached skill level 1 in Transmutations
   960 | D:2      | Reached skill level 1 in Fire Magic
   960 | D:2      | Reached skill level 1 in Ice Magic
   960 | D:2      | Reached skill level 1 in Air Magic
   960 | D:2      | Reached skill level 1 in Earth Magic
   960 | D:2      | Reached skill level 1 in Poison Magic
   960 | D:2      | Reached skill level 1 in Invocations
   960 | D:2      | Reached skill level 1 in Evocations
   960 | D:2      | Reached XP level 4. HP: 15/35 MP: 3/6
   960 | D:2      | Reached XP level 5. HP: 18/41 MP: 3/7
  1349 | D:2      | You pick up a book of the Sky and begin reading...
  1349 | D:2      | You add the spells Summon Lightning Spire, Storm Form and
                  | Maxwell's Capacitive Coupling to your library.
  1457 | D:2      | Reached skill level 2 in Invocations
  1457 | D:2      | Reached XP level 6. HP: 47/47 MP: 8/8
  1580 | D:3      | Noticed a water moccasin
  1766 | D:3      | Found a radiant altar of Vehumet.
  1864 | D:3      | You pick up a book of Displacement and begin reading...
  1864 | D:3      | You add the spells Lesser Beckoning, Gell's Gravitas and
                  | Teleport Other to your library.
  2097 | D:3      | Killed a water moccasin
  2098 | D:3      | Reached skill level 2 in Long Blades
  2098 | D:3      | Reached skill level 2 in Axes
  2098 | D:3      | Reached skill level 2 in Maces & Flails
  2098 | D:3      | Reached skill level 2 in Staves
  2098 | D:3      | Reached skill level 2 in Slings
  2098 | D:3      | Reached skill level 2 in Bows
  2098 | D:3      | Reached skill level 2 in Crossbows
  2098 | D:3      | Reached skill level 2 in Throwing
  2098 | D:3      | Reached skill level 2 in Stealth
  2098 | D:3      | Reached skill level 2 in Shields
  2098 | D:3      | Reached skill level 2 in Unarmed Combat
  2098 | D:3      | Reached skill level 2 in Spellcasting
  2098 | D:3      | Reached skill level 2 in Evocations
  2708 | D:4      | You fall into a shaft and drop 3 floors!
  2714 | D:7      | Noticed a water moccasin
  2729 | D:7      | Killed a water moccasin
  2730 | D:7      | Reached skill level 7 in Armour
  2730 | D:7      | Reached XP level 7. HP: 51/52 MP: 8/10
  2758 | D:8      | Noticed a steam dragon
  2770 | D:8      | Killed a steam dragon
  2771 | D:8      | Reached skill level 2 in Conjurations
  2771 | D:8      | Reached skill level 2 in Hexes
  2771 | D:8      | Reached skill level 2 in Summonings
  2771 | D:8      | Reached skill level 2 in Necromancy
  2771 | D:8      | Reached skill level 2 in Translocations
  2771 | D:8      | Reached skill level 2 in Transmutations
  2771 | D:8      | Reached skill level 2 in Fire Magic
  2771 | D:8      | Reached skill level 2 in Ice Magic
  2771 | D:8      | Reached skill level 2 in Air Magic
  2771 | D:8      | Reached skill level 2 in Earth Magic
  2771 | D:8      | Reached skill level 2 in Poison Magic
  2778 | D:8      | Reached skill level 9 in Polearms
  2780 | D:8      | Reached skill level 3 in Invocations
  3026 | D:7      | Reached XP level 8. HP: 49/60 MP: 9/12
  3123 | D:7      | Found a basalt altar of Yredelemnul.
  3153 | D:7      | Reached skill level 4 in Fighting
  3153 | D:7      | Reached skill level 4 in Short Blades
  3153 | D:7      | Reached skill level 3 in Long Blades
  3153 | D:7      | Reached skill level 3 in Axes
  3153 | D:7      | Reached skill level 3 in Maces & Flails
  3153 | D:7      | Reached skill level 3 in Staves
  3153 | D:7      | Reached skill level 3 in Slings
  3153 | D:7      | Reached skill level 3 in Bows
  3153 | D:7      | Reached skill level 3 in Crossbows
  3153 | D:7      | Reached skill level 3 in Throwing
  3153 | D:7      | Reached skill level 4 in Dodging
  3153 | D:7      | Reached skill level 3 in Stealth
  3153 | D:7      | Reached skill level 3 in Shields
  3153 | D:7      | Reached skill level 3 in Unarmed Combat
  3153 | D:7      | Reached skill level 3 in Spellcasting
  3153 | D:7      | Reached skill level 3 in Evocations
  3395 | D:5      | Entered Level 5 of the Dungeon
  3981 | D:5      | Lost mutation: You have a pair of small horns on your head.
                  | [potion of mutation]
  3981 | D:5      | Lost mutation: Your flesh is heat resistant. (rF+) [potion
                  | of mutation]
  3981 | D:5      | Lost mutation: You expend magic power (3 MP) to strengthen
                  | your wands. [potion of mutation]
  3981 | D:5      | Gained mutation: You have large cloven feet. [potion of
                  | mutation]
  4017 | D:5      | Found a sacrificial altar of Ru.
  4333 | D:5      | Noticed Grum
  4346 | D:5      | Killed Grum
  4347 | D:5      | Reached skill level 3 in Conjurations
  4347 | D:5      | Reached skill level 3 in Hexes
  4347 | D:5      | Reached skill level 3 in Summonings
  4347 | D:5      | Reached skill level 3 in Necromancy
  4347 | D:5      | Reached skill level 3 in Translocations
  4347 | D:5      | Reached skill level 3 in Transmutations
  4347 | D:5      | Reached skill level 3 in Fire Magic
  4347 | D:5      | Reached skill level 3 in Ice Magic
  4347 | D:5      | Reached skill level 3 in Air Magic
  4347 | D:5      | Reached skill level 3 in Earth Magic
  4347 | D:5      | Reached skill level 3 in Poison Magic
  4347 | D:5      | Reached skill level 4 in Invocations
  4557 | D:5      | Reached XP level 9. HP: 45/66 MP: 11/14
  5235 | D:6      | Reached skill level 4 in Long Blades
  5235 | D:6      | Reached skill level 4 in Axes
  5235 | D:6      | Reached skill level 4 in Maces & Flails
  5235 | D:6      | Reached skill level 4 in Staves
  5235 | D:6      | Reached skill level 4 in Slings
  5235 | D:6      | Reached skill level 4 in Bows
  5235 | D:6      | Reached skill level 4 in Crossbows
  5235 | D:6      | Reached skill level 4 in Throwing
  5235 | D:6      | Reached skill level 4 in Stealth
  5235 | D:6      | Reached skill level 4 in Shields
  5235 | D:6      | Reached skill level 4 in Unarmed Combat
  5235 | D:6      | Reached skill level 4 in Spellcasting
  5235 | D:6      | Reached skill level 4 in Evocations
  5350 | D:6      | Found a shimmering blue altar of Sif Muna.
  5350 | D:6      | Found a blossoming altar of Fedhas.
  5350 | D:6      | Found an ornate altar of the Wu Jian Council.
  5350 | D:6      | Found a broken altar of Ashenzari.
  5360 | D:6      | Found an ancient bone altar of Kikubaaqudgha.
  5360 | D:6      | Found a shadowy altar of Dithmenos.
  5543 | D:6      | Found a snail-covered altar of Cheibriados.
  5643 | D:6      | Became a worshipper of Cheibriados the Contemplative
  5883 | D:6      | You pick up a book of Blood and begin reading...
  5883 | D:6      | You add the spells Sublimation of Blood, Wereblood and
                  | Summon Hydra to your library.
  5901 | D:6      | Reached skill level 5 in Fighting
  5901 | D:6      | Reached skill level 5 in Short Blades
  5901 | D:6      | Reached skill level 5 in Dodging
  6073 | D:6      | You pick up a book of Dangerous Friends and begin
                  | reading...
  6073 | D:6      | You add the spells Summon Guardian Golem, Orb of
                  | Destruction and Spellforged Servitor to your library.
  6655 | D:7      | Found Fuptufal's General Store.
  6662 | D:7      | Bought a scroll of enchant armour for 97 gold pieces
  6811 | D:8      | Reached skill level 8 in Armour
  6846 | D:8      | Reached * piety under Cheibriados
  6852 | D:8      | Reached skill level 5 in Invocations
  7103 | D:9      | Reached XP level 10. HP: 32/74 MP: 7/17
  7107 | D:9      | Reached skill level 4 in Conjurations
  7107 | D:9      | Reached skill level 4 in Hexes
  7107 | D:9      | Reached skill level 4 in Summonings
  7107 | D:9      | Reached skill level 4 in Necromancy
  7107 | D:9      | Reached skill level 4 in Translocations
  7107 | D:9      | Reached skill level 4 in Transmutations
  7107 | D:9      | Reached skill level 4 in Fire Magic
  7107 | D:9      | Reached skill level 4 in Ice Magic
  7107 | D:9      | Reached skill level 4 in Air Magic
  7107 | D:9      | Reached skill level 4 in Earth Magic
  7107 | D:9      | Reached skill level 4 in Poison Magic
  7333 | D:9      | Noticed Harold
  7345 | D:9      | Reached skill level 5 in Long Blades
  7345 | D:9      | Reached skill level 5 in Axes
  7345 | D:9      | Reached skill level 5 in Maces & Flails
  7345 | D:9      | Reached skill level 5 in Staves
  7345 | D:9      | Reached skill level 5 in Slings
  7345 | D:9      | Reached skill level 5 in Bows
  7345 | D:9      | Reached skill level 5 in Crossbows
  7345 | D:9      | Reached skill level 5 in Throwing
  7345 | D:9      | Reached skill level 5 in Stealth
  7345 | D:9      | Reached skill level 5 in Shields
  7345 | D:9      | Reached skill level 5 in Unarmed Combat
  7345 | D:9      | Reached skill level 5 in Spellcasting
  7345 | D:9      | Reached skill level 5 in Evocations
  7346 | D:9      | HP: 19/76 [vampire (3)]
  7347 | D:9      | Reached skill level 10 in Polearms
  7347 | D:9      | HP: 7/76 [something (12)]
  7348 | D:9      | Succumbed to their own poison gas

Vanquished Creatures
  A troll (D:9)
  Sigmund (D:2)
  A wyvern (D:9)
  3 yaks
  3 steam dragons
  Grum (D:5)
  3 water moccasins
  A black bear (D:7)
  An ogre (D:6)
  A centaur (D:6)
  A phantom (D:6)
  A bullfrog (D:7)
  A kobold brigand (D:7)
  4 gnoll sergeants (D:5)
  A scorpion (D:7)
  3 wights (D:7)
  8 killer bees
  3 howler monkeys
  A jelly (D:5)
  3 gnoll shamans
  9 hounds
  4 iguanas
  2 orc wizards (D:8)
  7 adders
  20 gnolls
  A shadow imp (D:7)
  A white imp (D:8)
  An ufetubus (D:5)
  2 worms (D:2)
  A dart slug (D:3)
  6 orcs
  5 bats
  5 endoplasms
  2 giant cockroaches
  4 goblins
  6 hobgoblins
  5 jackals
  A quokka (D:3)
  6 ball pythons
  6 frilled lizards
  7 kobolds
  5 rats
148 creatures vanquished.

Vanquished Creatures (others)
  An orc warrior (D:9)
  3 toadstools (D:7)
4 creatures vanquished.

Grand Total: 152 creatures vanquished

Table legend:
 A = Non-vault XP
 B = Vault XP
 C = Vault XP percentage of total XP
 D = Non-vault monster count
 E = Vault monster count
 F = Vault count percentage of total count
                 A         B        C        D         E       F
            +---------+---------+-------+---------+---------+-------
      Total |    3375 |    2542 |  43.0 |     105 |      44 |  29.5
            +---------+---------+-------+---------+---------+-------
        D:1 |      29 |       4 |  12.1 |      19 |       3 |  13.6
        D:2 |      65 |     226 |  77.7 |      14 |       1 |   6.7
        D:3 |     191 |       0 |   0.0 |      15 |       0 |   0.0
        D:4 |      74 |       0 |   0.0 |       6 |       0 |   0.0
        D:5 |     239 |    1122 |  82.4 |       4 |      32 |  88.9
        D:6 |     505 |       0 |   0.0 |       8 |       0 |   0.0
        D:7 |     779 |       0 |   0.0 |      14 |       0 |   0.0
        D:8 |    1165 |       0 |   0.0 |      18 |       0 |   0.0
        D:9 |     328 |    1190 |  78.4 |       7 |       8 |  53.3
            +---------+---------+-------+---------+---------+-------

Illustrated notes

Table legend:
 A = Kills in this place as a percentage of kills in entire the game.
 B = Kills by you in this place as a percentage of kills by you in the entire game.
 C = Kills by friends in this place as a percentage of kills by friends in the entire game.
 D = Other kills in this place as a percentage of other kills in the entire game.
 E = Experience gained in this place as a percentage of experience gained in the entire game.
 F = Experience gained in this place divided by the number of levels of this place that you have seen.
                   A       B       C       D       E      F
               +-------+-------+-------+-------+-------+----------------------
         Total | 100.0 | 100.0 |   N/A | 100.0 | 100.0 | 657.4
       Dungeon | 100.0 | 100.0 |   N/A | 100.0 | 100.0 | 657.4
               +-------+-------+-------+-------+-------+----------------------

Table legend: (Time is in decaauts)
 A = Elapsed time spent in this place.
 B = Non-inter-level travel time spent in this place.
 C = Inter-level travel time spent in this place.
 D = Time resting spent in this place.
 E = Time spent auto-exploring this place.
 F = Levels seen in this place.
 G = Mean time per level.
                   A        B        C        D        E       F      G
               +--------+--------+--------+--------+--------+-----+--------+
         Total |   7449 |   7259 |    190 |    489 |   5798 |   9 |  827.7 |
       Dungeon |   7449 |   7259 |    190 |    489 |   5798 |   9 |  827.7 |
               +--------+--------+--------+--------+--------+-----+--------+

Top non-repeatable levels by time:
     D:5: 1728 daAuts
     D:7: 1226 daAuts
     D:6: 1226 daAuts
     D:3: 947 daAuts
     D:1: 876 daAuts
     D:2: 646 daAuts
     D:8: 364 daAuts
     D:9: 270 daAuts
     D:4: 164 daAuts
